Map: Thunderbird LE

Players

SpeCial

  • Race: Terran Terran
  • Spawn Location: 5:00

Reynor - Winner!

  • Race: Zerg Zerg
  • Spawn Location: 11:00

Event: 2019 WCS Summer

VOD

Have the link to the VOD?

Description

Time

  • Played on: July 14, 2019, 8:51 a.m.
  • Length: 16:57

All games in this series

Show
View Real Time Build Order
Export as new Build Order

SpeCial Terran 

Build Orders: Hellion Opening, Mech 

Get SALT Encoding   

  12  0:00  SCV  
  13  0:12  SCV  
  14  0:17  Supply Depot  
  14  0:24  SCV  
  15  0:38  SCV  
  15  0:40  Barracks  
  16  0:44  Refinery  
  16  0:50  SCV  
  17  1:03  SCV  
  18  1:15  SCV  
  19  1:27  Marine  
  19  1:28  Orbital Command  
  20  1:39  Command Center  
  20  1:45  Marine  
  21  1:53  Factory  
  21  1:56  SCV  
  22  2:06  Barracks Reactor  
  22  2:09  SCV  
  22  2:14  Supply Depot  
  23  2:22  Refinery  
  23  2:36  SCV  
  24  2:42  Starport  
  24  2:46  Hellion x2  
  24  2:48  SCV  
  25  2:51  Orbital Command  
  29  3:00  SCV  
  30  3:08  Hellion x2  
  30  3:12  SCV  
  35  3:18  SCV  
  35  3:19  Medivac  
  38  3:24  SCV, Supply Depot  
  39  3:30  SCV  
  39  3:31  Hellion  
  42  3:34  Hellion  
  42  3:38  SCV  
  45  3:44  SCV  
  46  3:48  Fusion Core  
  46  3:49  Refinery  
  46  3:52  Supply Depot  
  46  3:55  Starport Tech Lab  
  46  3:58  Hellion  
  46  4:01  Hellion  
  50  4:03  SCV  
  51  4:12  SCV  
  51  4:15  SCV  
  53  4:19  Supply Depot  
  53  4:24  SCV  
  54  4:37  Battlecruiser  
  60  4:45  SCV  
  61  4:46  SCV  
  61  4:50  Command Center  
  62  4:55  Weapon Refit  
  62  5:01  SCV x2, Supply Depot  
  64  5:10  Armory  
  64  5:13  SCV x2  
  66  5:17  Hellion x2  
  70  5:23  Supply Depot  
  70  5:25  SCV x2  
  72  5:35  Refinery  
  72  5:37  SCV x2  
  72  5:38  Hellion  
  72  5:39  Hellion  
  78  5:49  SCV x2  
  86  6:02  SCV x2, Hellion x2  
  86  6:03  Terran Vehicle Weapons Level 1  
  92  6:04  Supply Depot  
  78  6:14  SCV x2  
  78  6:15  Hellion x3  
  78  6:16  Orbital Command  
  80  6:23  Hellion x2  
  84  6:26  SCV x2  
  86  6:33  Factory  
  86  6:34  Factory  
  86  6:38  SCV x2  
  82  6:42  SCV  
  82  6:45  Hellion x2  
  87  6:50  SCV x2  
  84  6:54  SCV  
  84  6:57  Refinery  
  84  6:58  Command Center  
  84  6:59  Refinery  
  84  7:02  SCV x2  
  84  7:06  SCV, Hellion x2  
  84  7:07  Armory  
  91  7:13  Supply Depot  
  91  7:14  SCV x2  
  93  7:18  SCV  
  94  7:25  Factory Tech Lab x2  
  94  7:26  SCV x2  
  94  7:27  Hellion x2  
  98  7:30  SCV  
  91  7:37  Factory  
  91  7:38  Factory, Supply Depot, SCV x2  
  91  7:42  SCV  
  94  7:46  Supply Depot, Infernal Pre-Igniter  
  94  7:47  Siege Tank x2, Mag-Field Accelerator  
  94  7:49  Hellion x2  
  94  7:50  SCV x2  
  106  7:54  SCV  
  107  8:00  Supply Depot  
  107  8:03  SCV x2  
  109  8:06  SCV  
  109  8:10  Hellion x2  
  114  8:15  SCV x2  
  114  8:16  Engineering Bay  
  114  8:19  Siege Tank x2, SCV  
  123  8:21  Factory  
  123  8:23  Factory Tech Lab, Factory Reactor, Factory  
  124  8:27  SCV x2  
  124  8:31  SCV  
  124  8:32  Hellion x2  
  126  8:39  SCV  
  128  8:41  SCV, Planetary Fortress  
  128  8:43  SCV  
  128  8:48  Refinery  
  129  8:51  SCV, Cyclone x2, Supply Depot  
  129  8:52  Missile Turret  
  129  8:53  Hellion x2  
  140  8:57  SCV x2  
  140  8:58  Supply Depot  
  140  9:01  Hellion x2  
  146  9:03  SCV, Cyclone  
  146  9:04  Refinery  
  146  9:06  Terran Vehicle Weapons Level 2  
  150  9:14  Hellion x2  
  150  9:16  Factory Tech Lab x2  
  154  9:23  Cyclone x2  
  160  9:26  SCV  
  160  9:27  Armory  
  161  9:33  SCV  
  161  9:35  Cyclone  
  161  9:36  Hellion  
  165  9:42  Hellion x3  
  165  9:43  Missile Turret, Hellion  
  159  9:55  Siege Tank x3  
  159  9:57  Missile Turret, Hellion  
  168  10:01  Command Center  
  168  10:02  Missile Turret  
  168  10:03  Command Center  
  168  10:04  Hellion  
  164  10:10  Cyclone  
  164  10:11  Siege Tank  
  164  10:12  Hellion x2  
  158  10:19  Hellion  
  153  10:27  Cyclone x3, Hellion  
  164  10:33  Terran Vehicle And Ship Armor Level 1  
  163  10:37  Command Center  
  163  10:45  Supply Depot x2  
  163  10:50  Siege Tank  
  163  10:51  Hellion  
  163  10:52  Orbital Command  
  164  10:57  Hellion  
  164  11:01  Hellion  
  164  11:02  SCV  
  164  11:03  SCV  
  163  11:06  Hellion  
  163  11:07  Siege Tank x3, Cyclone  
  176  11:12  Hellion  
  176  11:19  Orbital Command x2, Hellion  
  176  11:20  Refinery x2  
  176  11:22  Siege Tank  
  176  11:23  Hellion  
  181  11:28  Hellion  
  181  11:29  Missile Turret  
  183  11:39  Siege Tank x4, Barracks  
  195  11:40  Barracks  
  195  11:41  Barracks, Ghost Academy  
  195  11:42  Orbital Command, Barracks, Engineering Bay, SCV  
  196  11:51  Orbital Command  
  196  11:54  Siege Tank  
  196  11:55  Orbital Command  
  191  12:05  SCV x2  
  191  12:09  SCV  
  191  12:10  Ghost Academy  
  191  12:11  Barracks, Siege Tank, Engineering Bay x2  
  191  12:12  Barracks, SCV  
  191  12:13  Barracks  
  194  12:16  SCV  
  194  12:19  Sensor Tower  
  195  12:23  Missile Turret  
  195  12:29  Siege Tank x3  
  200  12:30  Hellion  
  197  12:48  SCV  
  197  12:50  SCV x2  
  193  12:57  Missile Turret  
  191  12:58  Missile Turret  
  191  12:59  Barracks Tech Lab x3, Command Center  
  191  13:00  Personal Cloaking, Missile Turret, Terran Infantry Weapons Level 1, Terran Infantry Armor Level 1  
  191  13:01  Terran Vehicle Weapons Level 3  
  191  13:02  Sensor Tower  
  191  13:04  Terran Vehicle And Ship Armor Level 2  
  191  13:31  Ghost x3  
  191  13:33  Missile Turret  
  182  13:39  SCV x4  
  186  13:43  Missile Turret x2  
  186  13:46  Hellion  
  186  13:48  Hellion  
  190  13:54  Barracks  
  190  13:55  Barracks  
  178  13:59  Ghost x3  
  178  14:00  Cyclone x3  
  193  14:06  Hellion  
  191  14:25  Refinery  
  191  14:26  Refinery  
  191  14:27  Ghost Academy  
  191  14:28  Ghost Academy, Ghost  
  188  14:33  Cyclone  
  188  14:38  Ghost  
  190  14:39  Missile Turret  
  190  14:42  Ghost  
  194  14:52  Barracks Tech Lab x2  
  194  14:53  Thor  
  185  15:00  SCV  
  185  15:01  SCV  
  185  15:02  SCV  
  185  15:05  Ghost  
  185  15:07  Ghost  
  183  15:11  Ghost  
  187  15:15  Ghost x2  
  187  15:18  SCV x2  
  187  15:19  SCV  
  187  15:21  Nuke x2  
  194  15:22  Nuke  
  187  15:34  Thor  
  187  15:39  Ghost x2  
  146  15:53  Hellion x3  
  146  15:54  Ghost  
  146  16:02  Ghost x2  
  144  16:06  Hellion x2  
  148  16:12  Planetary Fortress  
  148  16:15  Hellion x2  
  148  16:17  Hellion  
  154  16:21  Ghost  
  162  16:25  Hellion x2  
  162  16:26  Hellion  
  176  16:43  SCV x2  
Show
View Real Time Build Order
Export as new Build Order

Reynor Zerg - Winner!

Build Orders: Hatch First, Swarm Host 

Get SALT Encoding   

  12  0:00  Drone  
  13  0:12  Overlord  
  13  0:17  Drone  
  14  0:30  Drone x2  
  16  0:47  Hatchery  
  15  0:51  Drone  
  15  0:55  Drone  
  17  0:57  Drone  
  18  1:09  Extractor  
  17  1:13  Spawning Pool  
  17  1:16  Drone  
  17  1:20  Drone  
  18  1:27  Drone  
  19  1:38  Drone  
  20  1:49  Overlord  
  20  2:00  Zergling x4, Queen x2  
  26  2:11  Drone x2  
  28  2:22  Hatchery  
  28  2:26  Drone  
  28  2:28  Drone  
  29  2:35  Metabolic Boost  
  29  2:41  Queen  
  29  2:43  Drone  
  32  2:48  Overlord  
  32  2:51  Zergling x2  
  32  2:53  Drone  
  32  2:55  Drone  
  32  2:58  Drone  
  36  3:06  Drone x2  
  36  3:09  Drone x2  
  40  3:12  Overlord  
  40  3:17  Queen  
  42  3:20  Drone  
  42  3:23  Drone  
  44  3:31  Overlord  
  44  3:32  Drone  
  45  3:37  Zergling x4, Baneling Nest  
  46  3:43  Drone x2  
  46  3:44  Drone x2  
  46  3:47  Queen  
  52  3:52  Drone x2  
  52  3:55  Overlord  
  54  3:59  Drone x2  
  56  4:06  Zergling x6  
  59  4:10  Queen  
  59  4:12  Overlord  
  59  4:14  Drone  
  59  4:16  Drone  
  63  4:20  Spore Crawler  
  63  4:22  Drone x3  
  65  4:26  Overlord  
  65  4:29  Baneling x3  
  65  4:32  Drone x2  
  65  4:34  Drone x2  
  65  4:36  Spore Crawler  
  67  4:43  Drone x5  
  72  4:46  Queen  
  72  4:49  Zergling x2  
  72  4:52  Lair  
  75  4:56  Overlord  
  75  4:59  Drone x4  
  79  5:02  Spore Crawler  
  79  5:03  Zergling x4  
  79  5:05  Drone  
  81  5:07  Overlord  
  81  5:16  Queen  
  81  5:17  Drone x4  
  87  5:23  Extractor, Queen  
  87  5:26  Baneling x2  
  87  5:27  Baneling  
  88  5:29  Drone x8, Extractor  
  88  5:32  Extractor  
  94  5:37  Overlord  
  94  5:40  Zergling x2  
  94  5:41  Zergling x6  
  98  5:45  Roach Warren  
  98  5:46  Extractor  
  98  5:47  Overlord  
  98  5:49  Extractor  
  95  5:52  Overlord  
  94  5:58  Zergling x16  
  94  5:59  Baneling x3  
  94  6:01  Baneling x2, Zergling x4  
  94  6:02  Zergling x2  
  105  6:09  Zergling x4  
  104  6:14  Drone  
  104  6:18  Overlord  
  105  6:20  Drone x4  
  105  6:24  Overlord  
  109  6:27  Hatchery  
  109  6:29  Overlord  
  108  6:40  Infestation Pit, Roach x6  
  108  6:43  Roach  
  121  6:47  Evolution Chamber  
  121  6:48  Evolution Chamber  
  121  6:49  Roach x4  
  121  6:51  Drone  
  123  6:57  Centrifical Hooks, Glial Reconstitution, Roach x3  
  123  7:00  Drone x2  
  128  7:07  Drone x2  
  128  7:10  Drone  
  128  7:14  Zerg Ground Armor Level 1, Zerg Melee Weapons Level 1  
  129  7:18  Drone x5  
  132  7:27  Overlord  
  132  7:29  Drone x4  
  132  7:36  Drone x2  
  133  7:39  Infestation Pit  
  133  7:40  Drone x2  
  135  7:45  Nydus Network  
  135  7:46  Drone x4  
  135  7:47  Drone x2  
  135  7:49  Drone, Extractor  
  135  7:50  Drone x2, Extractor  
  141  7:57  Zergling x8  
  141  8:09  Zergling x8  
  141  8:11  Burrow  
  144  8:14  Pneumatized Carapace  
  144  8:15  Overlord  
  144  8:16  Swarm Host x5  
  159  8:20  Overlord  
  159  8:22  Nydus Canal  
  159  8:32  Overlord  
  158  8:35  Swarm Host x3  
  167  8:41  Nydus Canal  
  167  8:43  Drone  
  167  8:44  Swarm Host x2  
  167  8:47  Baneling x8  
  174  8:52  Swarm Host  
  176  8:56  Zergling x16  
  176  9:00  Overlord x5  
  184  9:07  Nydus Canal  
  184  9:09  Overlord  
  184  9:10  Zerg Ground Armor Level 2  
  184  9:11  Zerg Missile Weapons Level 1  
  184  9:15  Overlord  
  184  9:22  Nydus Canal, Ravager x3  
  184  9:23  Zergling x26  
  184  9:24  Drone x4  
  200  9:27  Hatchery  
  196  9:40  Swarm Host  
  196  9:45  Ravager  
  199  9:46  Zergling x4  
  199  9:47  Hive  
  194  9:54  Zergling x16  
  194  9:58  Baneling x11  
  194  10:06  Roach x5  
  199  10:07  Baneling  
  199  10:08  Baneling x10  
  199  10:11  Roach x3  
  199  10:13  Zergling x2, Roach x2  
  198  10:21  Zergling x12  
  199  10:25  Zergling x2  
  196  10:30  Baneling x9  
  196  10:32  Zergling x6  
  199  10:40  Baneling x7  
  199  10:41  Baneling x10  
  199  10:47  Spire  
  198  10:52  Zergling x6  
  198  10:57  Zergling x4  
  200  11:02  Zergling x6  
  200  11:04  Zergling x2  
  200  11:07  Baneling x14  
  200  11:12  Zerg Missile Weapons Level 2  
  200  11:15  Drone x3, Extractor  
  200  11:16  Drone  
  200  11:17  Drone, Extractor  
  199  11:19  Baneling x2, Spine Crawler  
  199  11:20  Drone, Spine Crawler  
  199  11:21  Drone x4, Spine Crawler x2  
  199  11:22  Baneling x7  
  199  11:23  Baneling x3  
  200  11:27  Baneling x12  
  198  11:44  Zerg Ground Armor Level 3  
  198  11:54  Zergling x8  
  197  11:59  Zergling x16  
  197  12:00  Zergling x12  
  199  12:12  Greater Spire  
  199  12:24  Hatchery  
  199  12:29  Baneling  
  196  12:30  Baneling x16  
  196  12:38  Zergling x8  
  196  12:43  Ravager x3  
  198  12:44  Overseer  
  198  12:54  Nydus Canal  
  198  13:19  Zergling x4  
  199  13:28  Adrenal Glands  
  199  13:39  Nydus Canal  
  193  13:57  Queen  
  193  13:58  Queen, Nydus Canal  
  193  14:12  Nydus Canal  
  184  14:23  Corruptor x10  
  198  14:34  Extractor x2  
  196  14:43  Spine Crawler, Spore Crawler  
  196  14:44  Spine Crawler x2  
  196  14:45  Spine Crawler  
  191  14:47  Zerg Flyer Weapons Level 1  
  191  14:48  Spire  
  174  15:02  Brood Lord x5  
  174  15:03  Brood Lord x5  
  174  15:04  Zergling x26  
  174  15:06  Nydus Canal  
  200  15:07  Overseer  
  200  15:17  Spine Crawler  
  200  15:18  Spine Crawler  
  200  15:19  Spine Crawler x2  
  200  15:20  Nydus Canal  
  200  15:21  Pathogen Glands  
  196  15:26  Zergling x8  
  184  15:39  Baneling x14  
  184  15:40  Roach x8  
  200  15:46  Nydus Canal  
  200  15:48  Zergling x2  
  200  15:49  Zergling x38  
  197  15:50  Zergling x10, Roach  
  197  15:53  Zergling x2  
  198  16:13  Baneling x28  
  198  16:14  Baneling x21  
  198  16:21  Overseer  
Tags
 
Add a new tag
Caveats
  • Supply blocks, unpowered buildings, or Contaminate may cause inaccurate times.
  • Supply counts are checked every 10 seconds.